 Dungeon Crawl Stone Soup version 0.28.0 (webtiles) character file.

Game seed: 11685662996596762857

4191 lonewolfV2 the Grappler (level 10, -28/141 HPs)
             Began as a Troll Fighter on Feb 10, 2022.
             Annihilated by Gastronok (36 damage)
             ... on level 8 of the Dungeon.
             The game lasted 00:17:23 (6609 turns).

lonewolfV2 the Grappler (Troll Fighter)             Turns: 6609, Time: 00:17:24

Health: -28/141    AC:  4    Str: 33    XL:     10   Next: 8%
Magic:  9/9        EV: 10    Int:  4    God:
Gold:   909        SH: 10    Dex:  9    Spells: 9/9 levels left

rFire   . . .      SeeInvis .   d - +7 spear "Sourrebb" {vorpal, Drain rC+ Str+3}
rCold   + + .      Faith    .   b - +2 kite shield
rNeg    . . .      Spirit   .   a - +0 robe
rPois   .          Reflect  .   (helmet restricted)
rElec   .          Harm     .   (no cloak)
rCorr   +          Rampage  .   (gloves unavailable)
Will    +....                   (boots unavailable)
Stlth   ..........              m - amulet of regeneration
HPRegen 1.93/turn               q - ring "Enem" {rC+ Will+ rCorr}
MPRegen 0.11/turn               (no ring)

@: berserking, lethally poisoned (-28 -> -34), very quick
A: large, unfitting armour, claws 3, regeneration 1, shaggy fur 1, tough skin 1
a: no special abilities


You were on level 8 of the Dungeon.
You visited 2 branches of the dungeon, and saw 9 of its levels.

You collected 909 gold pieces.

Inventory:

Hand Weapons
 d - the +7 spear "Sourrebb" (weapon) {vorpal, Drain rC+ Str+3}
   (You found it on level 7 of the Dungeon)

   It inflicts extra damage upon your enemies.
   Str:       It affects your strength (+3).
   rC:        It protects you from cold.
   Drain:     It drains your maximum health when unequipped.
Missiles
 c - 2 throwing nets
Armour
 a - a +0 robe (worn)
 b - a +2 kite shield (worn)
Jewellery
 m - an amulet of regeneration (around neck)
 o - a ring of protection from fire
 q - the ring "Enem" (left claw) {rC+ Will+ rCorr}
   (You found it on level 4 of the Dungeon)

   [ring of resist corrosion]

   rC:        It protects you from cold.
   rCorr:     It protects you from acid and corrosion.
   Will:      It increases your willpower.
Wands
 i - a wand of acid (2)
Scrolls
 e - 2 scrolls of vulnerability
 f - 2 scrolls of identify
 g - a scroll of brand weapon
 n - a scroll of fear {unknown}
 p - a scroll of enchant weapon
 u - a scroll of enchant armour
Potions
 j - a potion of magic
 k - a potion of invisibility
 t - a potion of curing {unknown}


   Skills:
 + Level 4.6 Fighting
 + Level 4.1 Polearms
 + Level 6.4 Dodging
 + Level 1.7 Stealth
 + Level 5.7 Shields
 + Level 8.0 Unarmed Combat
 + Level 1.4 Evocations


You had 9 spell levels left.
You didn't know any spells.
Your spell library contained the following spells:

 Spells                   Type           Power      Damage    Failure   Level
 Summon Small Mammal      Summ           0%         N/A       77%         1
 Call Canine Familiar     Summ           0%         N/A       98%         3
 Portal Projectile        Hex/Tloc       0%         N/A       98%         3
 Summon Guardian Golem    Hex/Summ       0%         N/A       98%         3
 Tukima's Dance           Hex            0%         N/A       98%         3
 Leda's Liquefaction      Hex/Erth       0%         N/A       100%        4
 Passage of Golubria      Tloc           0%         N/A       100%        4
 Yara's Violent Unravell  Hex/Tmut       0%         3d3       100%        5


Dungeon Overview and Level Annotations

Branches:
Dungeon (8/15)             Temple (1/1) D:5
   Lair: D:8-11

Altars:
Ashenzari
Cheibriados
Dithmenos
Elyvilon
Fedhas
Gozag
Hepliaklqana
Kikubaaqudgha
Makhleb
Nemelex Xobeh
Okawaru
Qazlal
Ru
Sif Muna
Trog
Uskayaw
Vehumet
Wu Jian
Xom
Yredelemnul
Zin

Annotations:
D:3 2 runed translucent doors, honds19's ghost, amateur MiFi
D:8 Gastronok


Innate Abilities, Weirdness & Mutations

You are too large for most types of armour.
You have claws for hands.
Your natural rate of healing is unusually fast.
You are covered in fur. (AC +1)
You have tough skin. (AC +1)


Message History

Gastronok is moderately wounded.
You feel sick. You block the hound's attack.
The killer bee stings you but does no damage.
The killer bee completely misses you. The hound bites you.
The killer bee completely misses you.
It was a potion of berserk rage.
A red film seems to cover your vision as you go berserk!
You feel yourself moving faster!
You feel mighty!
You feel sick. The killer bee stings you.
You are more poisoned.
The killer bee poisons you! The killer bee stings you.
You are more poisoned.
The killer bee poisons you! The killer bee misses you.
The killer bee stings you.
You are more poisoned.
The killer bee poisons you! You block the killer bee's attack.
The hound misses you.
Gastronok waves his eye-stalks in wide circles.
The air twists around and strikes you!
* * * LOW HITPOINT WARNING * * *
You block the killer bee's attack.
You are too berserk!
You puncture Gastronok!
Gastronok is moderately wounded.
You feel very sick. You block the killer bee's attack.
The killer bee closely misses you. You block the hound's attack.
The killer bee stings you.
* * * LOW HITPOINT WARNING * * *
The killer bee stings you.
* * * LOW HITPOINT WARNING * * *
The killer bee barely misses you.
You puncture Gastronok!
Gastronok is heavily wounded.
You feel very sick. You block the killer bee's attack.
The killer bee stings you.
* * * LOW HITPOINT WARNING * * *
You block the hound's attack. The killer bee stings you!
* * * LOW HITPOINT WARNING * * *
The killer bee barely misses you. Gastronok bites you!!!
You die...

#+#. |.. ### #..
....
......##.[..#.......
.......#...........
...........##.##.##
..................#
h......#....wyy...#
...........yy@..)#
....##......hyy###
#.............#
#.........##$.#
...........##....#
.###..##.........#
#.. ##.......## ###
###..#### ###


You could see Gastronok (swift), a hound and 6 killer bees.

Vanquished Creatures
  Harold (D:7)
  Pikel (D:5)
  A deep elf zephyrmancer (D:6)
  Sigmund (D:6)
  A shadow (D:7)
  A wyvern (D:7)
  A human (D:7)
  Menkaure (D:4)
  2 water moccasins (D:5)
  A sky beast (D:5)
  3 ice beasts
  2 ogres
  A necrophage (D:7)
  3 centaurs
  A kobold brigand (D:6)
  A phantom (D:7)
  A bullfrog (D:7)
  A water moccasin zombie (D:5)
  A scorpion (D:6)
  2 bullfrog zombies (D:6)
  A centaur zombie (D:5)
  4 hounds
  2 centaur skeletons
  2 bullfrog skeletons (D:5)
  2 iguanas
  An orc wizard (D:5)
  8 adders
  2 ufetubi
  2 worms
  16 orcs
  13 ball pythons
  7 endoplasms
  A giant cockroach (D:2)
  15 goblins
  11 hobgoblins
  11 kobolds
  A quokka (D:5)
  A bat (D:2)
  A frilled lizard (D:1)
  A kobold skeleton (D:7)
  A kobold zombie (D:7)
  3 rats
133 creatures vanquished.

Vanquished Creatures (others)
  A wizard (D:7)
1 creature vanquished.

Grand Total: 134 creatures vanquished

Notes
Turn   | Place    | Note
-------+----------+-------------------------------------------
     0 | D:1      | lonewolfV2 the Troll Fighter began the quest for the Orb.
     0 | D:1      | Reached XP level 1. HP: 22/22 MP: 0/0
   131 | D:1      | Found a faded altar of an unknown god.
   255 | D:1      | Reached XP level 2. HP: 29/29 MP: 1/1
  1015 | D:2      | Reached XP level 3. HP: 35/36 MP: 2/2
  1421 | D:3      | Found a runed translucent door.
  1425 | D:3      | Noticed a bullfrog
  1426 | D:3      | Noticed honds19's ghost (amateur MiFi)
  1586 | D:3      | Found a shimmering blue altar of Sif Muna.
  1593 | D:3      | Reached skill level 3 in Unarmed Combat
  1611 | D:3      | Identified a scroll of acquirement
  1611 | D:3      | Acquired 576 gold pieces
  1640 | D:3      | Found a runed translucent door.
  1654 | D:3      | Reached XP level 4. HP: 35/44 MP: 3/3
  2045 | D:4      | Noticed an ice beast
  2059 | D:4      | Killed an ice beast
  2060 | D:4      | Reached skill level 4 in Unarmed Combat
  2060 | D:4      | Reached XP level 5. HP: 20/52 MP: 4/4
  2107 | D:4      | Noticed an ogre
  2114 | D:4      | Killed an ogre
  2115 | D:4      | Reached XP level 6. HP: 47/59 MP: 5/5
  2141 | D:4      | Identified the ring "Enem" {rC+ Will+ rCorr}
  2313 | D:4      | Noticed Menkaure
  2324 | D:4      | Killed Menkaure
  2325 | D:4      | Reached skill level 5 in Unarmed Combat
  2334 | D:4      | You fall into a shaft and drop 3 floors!
  2494 | D:7      | Found a flagged portal.
  2494 | D:7      | Noticed a wyvern
  2510 | D:7      | Killed a wyvern
  2511 | D:7      | Reached XP level 7. HP: 54/67 MP: 6/6
  2516 | D:7      | Noticed Harold
  2542 | D:7      | Killed Harold
  2543 | D:7      | Reached skill level 1 in Stealth
  2543 | D:7      | Reached skill level 7 in Unarmed Combat
  2543 | D:7      | Reached XP level 8. HP: 51/75 MP: 7/7
  2555 | D:7      | Identified the +7 spear "Sourrebb" {vorpal, Drain rC+
                  | Str+3}
  2678 | D:7      | Found a stormy altar of Qazlal.
  2681 | D:7      | Found a blossoming altar of Fedhas.
  2724 | D:7      | HP: 3/64 [shadow (7)]
  2921 | D:5      | Entered Level 5 of the Dungeon
  3004 | D:5      | Reached skill level 5 in Dodging
  3110 | D:5      | Found a sparkling altar of Nemelex Xobeh.
  3211 | D:5      | Reached skill level 1 in Polearms
  3230 | D:5      | Reached skill level 8 in Unarmed Combat
  3358 | D:5      | Reached XP level 9. HP: 66/84 MP: 8/8
  3468 | D:5      | Noticed Pikel
  3489 | D:5      | Killed Pikel
  3754 | D:5      | Found a staircase to the Ecumenical Temple.
  3798 | Temple   | Entered the Ecumenical Temple
  4330 | D:5      | Reached skill level 5 in Shields
  4676 | D:6      | Noticed Sigmund
  4690 | D:6      | Killed Sigmund
  5224 | D:6      | Found an opulent altar of Gozag.
  5224 | D:6      | Found a glowing silver altar of Zin.
  5253 | D:6      | Noticed a deep elf zephyrmancer
  5260 | D:6      | Killed a deep elf zephyrmancer
  5261 | D:6      | Reached skill level 1 in Evocations
  5742 | D:6      | Found an ancient bone altar of Kikubaaqudgha.
  6032 | D:7      | Reached XP level 10. HP: 93/94 MP: 9/9
  6148 | D:7      | Found a runed translucent door.
  6154 | D:7      | Found a basalt altar of Yredelemnul.
  6239 | D:7      | Found a bloodstained altar of Trog.
  6242 | D:7      | Noticed a wizard
  6248 | D:7      | Killed a wizard
  6586 | D:8      | Noticed Gastronok
  6609 | D:8      | Annihilated by Gastronok

Illustrated notes

Levels and vault maps discovered:
D:1:      dpeg_arrival_rooms_b, layout_basic, shapermc_ecumenical_altar_pompeii,
          chequers_serial_rivers_micro_b, hangedman_decor_opposing
D:2:      layout_rooms, minmay_misc_feat_tiny, st_stairs_3, minmay_tetromino_t2
D:3:      layout_loops_ring, lemuel_round_altar, ebering_ghost_sewer_f,
          kennysheep_generic_room_3
D:4:      minmay_spotlight, layout_cave_pools, serial_rivers,
          chequers_serial_rivers_marsh, chequers_serial_rivers_micro_c,
          chequers_serial_rivers_marsh, chequers_serial_rivers_micro_b,
          chequers_serial_rivers_small_3, chequers_serial_rivers_small_3,
          uniq_menkaure
D:5:      layout_gridville, nemelex_spade_bored_becter,
          minmay_temple_entry_butterflies, serial_glass, glass_columns_b,
          glass_columns_b, uniq_pikel
D:6:      layout_cave_pods, mainiacjoe_overflow_24_doors,
          grunt_temple_overflow_gold_and_silver, serial_glass, glass_columns_c,
          glass_columns_c, guppyfry_early_elven_hall, uniq_sigmund
D:7:      layout_loops_ring, grunt_temple_overflow_forces_of_nature,
          trog_wizard, dk_yredelemnul_ordeal, enter_bailey_5,
          lemuel_old_faithful, uniq_harold
D:8:      layout_cave_pools, erik_lair_island, serial_shops,
          nicolae_shop_behind_doors, gammafunk_ghost_hydra_chop, uniq_grum,
          uniq_gastronok, uniq_joseph
Temple:   hc_temple_tempest_star

Skill      XL: |  1  2  3  4  5  6  7  8  9 10 |
---------------+-------------------------------+-----
Unarmed Combat | 3 4 5 7 8 |  8.0
Dodging        | 3 4 5 6 |  6.4
Shields        | 3 4 5 |  5.7
Fighting       | 3 4 |  4.6
Stealth        | 1 |  1.7
Polearms       | 2 3 4 |  4.1
Evocations     | 1 |  1.4

Action                   |  1- 3 |  4- 6 |  7- 9 | 10-12 || total
-------------------------+-------+-------+-------+-------++-------
Melee: Unarmed           |   120 |    77 |    20 |       ||   217
       Spear             |       |       |   202 |    29 ||   231
Evoke: Wand              |       |       |    20 |    13 ||    33
  Use: Scroll            |     8 |     1 |     2 |     2 ||    13
       Potion            |       |     2 |     9 |     3 ||    14
 Stab: Paralysed         |       |       |     4 |     3 ||     7
       Distracted        |       |       |       |     1 ||     1
Armor: Robe              |    42 |    25 |    73 |    17 ||   157
       Skin              |       |       |     4 |       ||     4
Dodge: Dodged            |    30 |    35 |   107 |    26 ||   198
Block: Kite shield       |    33 |    32 |   160 |    45 ||   270
